 Dungeon Crawl Stone Soup version 0.30-a0-125-g51eefa89be (webtiles) character file.

Game seed: 535899476304990859

578 bande the Chopper (level 7, -11/61 HPs)
             Began as a Hill Orc Fighter on Sept 19, 2022.
             Was an Initiate of Beogh.
             Mangled by a two-headed ogre
             ... wielding a +0 giant club
              (28 damage)
             ... on level 5 of the Dungeon.
             The game lasted 00:07:12 (3916 turns).

bande the Chopper (Hill Orc Fighter)                Turns: 3916, Time: 00:07:13

Health: -11/61     AC: 12    Str: 19    XL:     7   Next: 36%
Magic:  7/7        EV:  9    Int:  8    God:    Beogh [......]
Gold:   242        SH:  5    Dex: 12    Spells: 6/6 levels left

rFire   . . .      SeeInvis .    k - +8 frozen axe "Frostbite" {freezing cloud, *Noise Fly rC+}
rCold   + . .      Faith    .    (shield currently unavailable)
rNeg    . . .      Spirit   .    b - +0 scale mail
rPois   .          Reflect  +    (no helmet)
rElec   .          Harm     .    r - +2 cloak {rCorr}
rCorr   +          Rampage  .    h - +0 pair of gloves
Will    .....                    t - +0 pair of boots
Stlth   ..........               o - amulet of reflection
HPRegen 0.20/turn                (no ring)
MPRegen 0.10/turn                (no ring)

@: flying
A: no striking features
a: Renounce Religion


You were on level 5 of the Dungeon.
You worshipped Beogh.
Beogh was noncommittal.
You visited 1 branch of the dungeon, and saw 5 of its levels.

You collected 242 gold pieces.

Inventory:

Hand Weapons
 a - a +1 war axe
 k - the +8 frozen axe "Frostbite" (weapon) {freezing cloud, *Noise Fly rC+}
   (You found it on level 2 of the Dungeon)

   It freezes those it strikes, dealing additional cold damage.
   It can also slow down cold-blooded creatures.
   It occasionally leaves clouds of freezing vapour upon striking a foe.
   It grants immunity to clouds of freezing vapour.
   rC:        It protects you from cold.
   Fly:       It grants you flight.
   *Noise:    It may make noises in combat.
Armour
 b - a +0 scale mail (worn)
 c - a +0 buckler
 h - a +0 pair of gloves (worn)
 r - a +2 cloak of preservation (worn)
 t - a +0 pair of boots (worn)
Jewellery
 o - an amulet of reflection (around neck)
 u - a ring of willpower
Wands
 m - a wand of acid (5)
 n - a wand of iceblast (10)
 v - a wand of polymorph (9)
Scrolls
 f - 4 scrolls of teleportation
 l - 2 scrolls of enchant weapon
 p - a scroll of magic mapping
 s - a scroll of amnesia
 w - a scroll of identify
Potions
 d - a potion of might
 e - a potion of haste
 g - 2 potions of magic
 i - a potion of cancellation
 j - 6 potions of curing
 q - a potion of berserk rage {unknown}


   Skills:
 + Level 5.2 Fighting
 + Level 7.6 Axes
 + Level 4.6 Armour
 * Level 4.0 Shields
 * Level 1.6 Evocations


You had 6 spell levels left.
You didn't know any spells.
Your spell library contained the following spells:

 Spells                   Type           Power      Damage    Failure   Level
 Magic Dart               Conj           0%         1d3       77%         1
 Searing Ray              Conj           0%         2d4       88%         2
 Ozocubu's Armour         Ice            0%         N/A       98%         3
 Fulminant Prism          Conj/Hex       0%         3d6       100%        4
 Ozocubu's Refrigeration  Ice            0%         4d7       100%        7


Dungeon Overview and Level Annotations

Branches:
Dungeon (5/15)             Temple (0/1) D:5

Altars:
Elyvilon
Fedhas
Nemelex Xobeh
Okawaru
Qazlal

Shops:
D:1 [


Message History

j - 6 potions of curing (gained 1)
v - a wand of polymorph (9)
You reach down and open the gate.
There is an open gate here.
Found an iron altar of Okawaru.
You now have 242 gold pieces (gained 15).
There is an open gate here.
You reach down and open the large door.
You reach down and open the door.
Found a ring mail.
There is an open door here.
w - a scroll of identify You reach down and open the door.
There is an open door here.
Found a stone staircase leading down.
A two-headed ogre comes into view.
It is wielding a +0 giant club and a +0 giant spiked club.
The two-headed ogre shouts in stereo!
A two-headed ogre is nearby!
The two-headed ogre closely misses you.
The two-headed ogre hits you with a +0 giant spiked club!
You slash the two-headed ogre! You freeze the two-headed ogre.
The two-headed ogre is moderately wounded.
The two-headed ogre barely misses you.
The two-headed ogre hits you with a +0 giant spiked club!
You barely miss the two-headed ogre.
The two-headed ogre is moderately wounded.
The two-headed ogre hits you with a +0 giant club!
The two-headed ogre hits you with a +0 giant spiked club!
* * * LOW HITPOINT WARNING * * *
You are too injured to fight recklessly!
You are too injured to fight recklessly!
You are too injured to fight recklessly!
You are too injured to fight recklessly!
You are too injured to fight recklessly!
You are too injured to fight recklessly!
You hit the two-headed ogre. You freeze the two-headed ogre.
The two-headed ogre is moderately wounded.
The two-headed ogre is engulfed in freezing vapours.
The two-headed ogre hits you with a +0 giant club!!
You die...

#.....#########....
#..>..........+....
#.......#######....
#.....#.#######....
#.....#..#....#....
#.....##.'....#....
#.....####.....####
#.....# #####.....
#.@...# #.....
#...O......# #.....
#..........# #.....
#..........# #.....
#..........# #.....
#..........+ #.....
#..........# #.....
#..........# #.....
#############.....


You could see a two-headed ogre.

Vanquished Creatures
  A black bear (D:5)
  An ice beast (D:5)
  The ghost of NinjaNoafa the Shooter, an amateur KoHu of Makhleb (D:3)
  A scorpion (D:5)
  A hound (D:4)
  Crazy Yiuf (D:4)
  A jelly (D:5)
  An orc wizard (D:5)
  5 adders
  A gnoll (D:3)
  A white imp (D:5)
  A worm (D:3)
  4 dart slugs
  10 endoplasms
  3 giant cockroaches
  8 goblins
  4 hobgoblins
  4 jackals (D:2)
  3 quokkas
  7 ball pythons
  6 bats
  4 frilled lizards
  10 kobolds
  4 rats
83 creatures vanquished.

Vanquished Creatures (others)
  An orc wizard (D:5)
1 creature vanquished.

Grand Total: 84 creatures vanquished

Notes
Turn   | Place    | Note
-------+----------+-------------------------------------------
     0 | D:1      | bande the Hill Orc Fighter began the quest for the Orb.
     0 | D:1      | Reached XP level 1. HP: 19/19 MP: 1/1
   177 | D:1      | Found Gewnureu's Antique Armour Boutique.
   268 | D:1      | Reached XP level 2. HP: 27/27 MP: 2/2
   553 | D:1      | Reached skill level 3 in Axes
   850 | D:2      | Reached XP level 3. HP: 30/33 MP: 3/3
  1046 | D:2      | Reached skill level 4 in Axes
  1060 | D:2      | Found a blossoming altar of Fedhas.
  1163 | D:2      | Reached XP level 4. HP: 41/41 MP: 4/4
  1219 | D:2      | Found the +8 frozen axe "Frostbite" {freezing cloud, *Noise
                  | Fly rC+}
  1882 | D:3      | Found a runed translucent gate.
  1882 | D:3      | Found a runed translucent gate.
  1897 | D:3      | Found a runed translucent gate.
  1897 | D:3      | Noticed NinjaNoafa's ghost (amateur KoHu)
  1947 | D:3      | Found a stormy altar of Qazlal.
  2314 | D:3      | Reached skill level 5 in Axes
  2544 | D:3      | Reached XP level 5. HP: 47/47 MP: 5/5
  2547 | D:3      | Killed NinjaNoafa's ghost
  2548 | D:3      | Reached skill level 6 in Axes
  2594 | D:4      | Reached XP level 6. HP: 52/55 MP: 6/6
  3013 | D:4      | Found a runed translucent door.
  3014 | D:4      | Noticed Crazy Yiuf
  3186 | D:4      | Found a sparkling altar of Nemelex Xobeh.
  3240 | D:4      | Killed Crazy Yiuf
  3304 | D:5      | Entered Level 5 of the Dungeon
  3306 | D:5      | Became a worshipper of Beogh the Brigand
  3423 | D:5      | Noticed a black bear
  3429 | D:5      | Reached skill level 5 in Fighting
  3431 | D:5      | Killed a black bear
  3432 | D:5      | Reached skill level 7 in Axes
  3432 | D:5      | Reached skill level 1 in Evocations
  3432 | D:5      | Reached XP level 7. HP: 50/61 MP: 7/7
  3583 | D:5      | Found a staircase to the Ecumenical Temple.
  3715 | D:5      | Found a white marble altar of Elyvilon.
  3836 | D:5      | Found an iron altar of Okawaru.
  3910 | D:5      | Noticed a two-headed ogre
  3916 | D:5      | Mangled by a two-headed ogre

Illustrated notes

Levels and vault maps discovered:
D:1:      nzn_arrival_water_spiral, layout_loops_ring, serial_shops,
          shop_fountains, bh_walls_and_bars
D:2:      layout_loops_ring, basic_altar
D:3:      minmay_chambers_of_twos, layout_loops_corners,
          overflow_temple_1_default, gammafunk_ghost_split
D:4:      cheibrodos_quashed, layout_basic, kennysheep_mini_moat,
          uniq_crazy_yiuf_cottage
D:5:      layout_basic, mainiacjoe_overflow_alcove_4, general_overflow_altar,
          temple_statues, st_stairs_12, uniq_edmund

Skill      XL: |  1  2  3  4  5  6  7 |
---------------+----------------------+-----
Fighting       | 4 5 |  5.2
Axes           | 3 4 5 6 7 |  7.6
Armour         | 4 |  4.6
Evocations     | 1 |  1.6
Shields        | 4 |  4.0

Action                   |  1- 3 |  4- 6 |  7- 9 || total
-------------------------+-------+-------+-------++-------
Melee: War axe           |    78 |     2 |       ||    80
       Executioner's axe |       |    88 |     6 ||    94
Invok: Convert to Beogh  |       |     1 |       ||     1
  Use: Scroll            |     7 |     4 |       ||    11
Armor: Scale mail        |    36 |    49 |       ||    85
Dodge: Dodged            |    35 |    56 |     3 ||    94
Block: Buckler           |    21 |       |       ||    21
       Other             |       |     7 |       ||     7
       Reflection        |       |     1 |       ||     1

Table legend: (Time is in decaauts)
 A = Elapsed time spent in this place.
 B = Non-inter-level travel time spent in this place.
 C = Inter-level travel time spent in this place.
 D = Time resting spent in this place.
 E = Time spent auto-exploring this place.
 F = Levels seen in this place.
 G = Mean time per level.
                   A        B        C        D        E       F      G
               +--------+--------+--------+--------+--------+-----+--------+
         Total |   4003 |   3934 |     69 |      2 |   3308 |   5 |  800.6 |
       Dungeon |   4003 |   3934 |     69 |      2 |   3308 |   5 |  800.6 |
               +--------+--------+--------+--------+--------+-----+--------+

Top non-repeatable levels by time:
     D:3: 1090 daAuts
     D:1: 846 daAuts
     D:4: 728 daAuts
     D:2: 718 daAuts
     D:5: 619 daAuts
